 Dungeon Crawl Stone Soup version 0.29-a0-90-gc37658a0fe (webtiles) character file.

Game seed: 5839924813160573856

99 lordive the Sneak (level 4, 0/21 HPs)
             Began as a Spriggan Enchanter on Feb 7, 2022.
             Was an Initiate of Okawaru.
             Killed from afar by an orc wizard (4 damage)
             ... with a puff of flame
             ... on level 2 of the Dungeon.
             The game lasted 00:04:47 (2950 turns).

lordive the Sneak (Spriggan Enchanter)              Turns: 2950, Time: 00:04:48

Health: 0/21       AC:  3    Str:  4    XL:     4   Next: 45%
Magic:  2/9        EV: 17    Int: 18    God:    Okawaru [......]
Gold:   49         SH:  0    Dex: 15    Spells: 4/9 levels left

rFire   + . .      SeeInvis +   m - +1 dagger (pain)
rCold   + . .      Faith    .   (no shield)
rNeg    . . .      Spirit   .   n - +1 robe {rC+ rF+}
rPois   .          Reflect  .   (helmet restricted)
rElec   .          Harm     .   (no cloak)
rCorr   .          Rampage  .   (gloves unavailable)
Will    .....                   (boots unavailable)
Stlth   +++.......              (no amulet)
HPRegen 0.07/turn               (no ring)
MPRegen 0.11/turn               (no ring)

@: very quick
A: very small, no large weapons, unfitting armour, see invisible, speed 3
a: Renounce Religion


You were on level 2 of the Dungeon.
You worshipped Okawaru.
Okawaru was noncommittal.
You visited 1 branch of the dungeon, and saw 3 of its levels.

You collected 49 gold pieces.

Inventory:

Hand Weapons
 a - a +1 dagger
 m - a +1 dagger of pain (weapon)
Missiles
 d - 2 throwing nets
Armour
 n - a +1 robe of resistance (worn)
Jewellery
 j - an amulet of guardian spirit
 l - a ring of positive energy
Scrolls
 e - 2 scrolls of amnesia {unknown}
 f - 2 scrolls of enchant armour {unknown}
 g - a scroll of fear {unknown}
 h - a scroll of acquirement {unknown}
 i - a scroll of blinking {unknown}
 k - a scroll of teleportation {unknown}
Potions
 c - a potion of invisibility


   Skills:
 * Level 0.2 Fighting
 * Level 1.6 Short Blades
 * Level 0.1 Armour
 * Level 3.0 Dodging
 + Level 6.2 Stealth
 * Level 3.3 Spellcasting
 * Level 4.1 Hexes
 - Level 0.8 Ice Magic


You had 4 spell levels left.
You knew the following spells:

 Your Spells              Type           Power      Damage    Failure   Level
a - Ensorcelled Hibernat  Hex/Ice        22%        N/A       9%          2
b - Confusing Touch       Hex            17%        N/A       9%          3

Your spell library contained the following spells:

 Spells                   Type           Power      Damage    Failure   Level
 Dazzling Flash           Conj/Hex       20%        N/A       21%         3
 Tukima's Dance           Hex            Unusable   N/A       N/A         3

Dungeon Overview and Level Annotations

Branches:
Dungeon (3/15)

Altars:
Okawaru


Innate Abilities, Weirdness & Mutations

You are very small and have problems with some larger weapons.
You are too small for most types of armour.
You have supernaturally acute eyesight. (SInv)
You cover ground extremely quickly. (Speed+++)


Message History

The orc wizard resists with some effort.
The orc misses you. The orc wizard barely misses you.
The orc wizard resists with some effort.
The orc barely misses you. The orc completely misses you.
The orc wizard closely misses you.
You miscast Ensorcelled Hibernation.
You are very lightly contaminated with residual magic.
Nothing appears to happen.
The orc completely misses you.
The orc hits you from afar with a +0 trident.
The orc wizard hits you with a +0 dagger.
The orc wizard resists with some effort.
The orc barely misses you. The orc completely misses you.
The orc wizard hits you but does no damage.
The orc completely misses you. x2; The orc wizard misses you.
You climb upwards.
There is a stone staircase leading down here.
The orc wizard gestures at you while chanting.
The puff of flame hits you. You resist.
Your magical contamination has completely faded away.
The orc wizard casts a spell.
The orc wizard flickers and vanishes for a moment.
The orc wizard casts a spell at you. The magic dart hits you.
Casting: Ensorcelled Hibernation (safe; 9% risk of failure)
Confirm with . or Enter, or press ? or * to list all spells.
Aiming: Ensorcelled Hibernation (safe; 9% risk of failure)
Press: ? - help, Shift-Dir - straight line, f - orc wizard
Aim: an orc wizard, wielding a +0 dagger and wearing a +0 robe (slightly transparent, chance to affect: 45%)
The orc wizard resists with some effort.
You closely miss the orc wizard. The orc wizard barely misses you.
You hit the orc wizard but do no damage.
The orc wizard closely misses you. The orc wizard casts a spell at you.
The puff of flame hits you. You resist.
The orc wizard gestures at you while chanting.
The magic dart hits you.
* * * LOW HITPOINT WARNING * * *
The orc wizard points at you and mumbles some strange words.
The puff of flame hits you. You resist.
You die...

..^..# ######### #...###.......
.....# ##............ .....#
#.####....... .....#
#.####....... ######
#....#....... ###############
####.#.###### #......#......#
#.#.#.....
###......#......########.#.......
................@.....o..###.....
.##......#......########## #.....
.##......#......# #.....
###......#......# ###...
#......#......# ####
########......# #......# #......#
#......#


You could see an orc wizard (invisible).

Vanquished Creatures
  An orc priest (D:3)
  An adder (D:3)
  A worm (D:2)
  3 dart slugs
  An orc (D:3)
  9 ball pythons
  3 giant cockroaches
  10 goblins
  A hobgoblin (D:1)
  A quokka (D:1)
  A bat (D:2)
  5 frilled lizards
  5 kobolds
  7 rats
49 creatures vanquished.

Notes
Turn   | Place    | Note
-------+----------+-------------------------------------------
     0 | D:1      | lordive the Spriggan Enchanter began the quest for the Orb.
     0 | D:1      | Reached XP level 1. HP: 9/9 MP: 5/5
   151 | D:1      | Reached skill level 5 in Stealth
   167 | D:1      | Reached XP level 2. HP: 13/13 MP: 6/6
   170 | D:1      | Learned a level 2 spell: Ensorcelled Hibernation
  1279 | D:1      | Reached XP level 3. HP: 16/16 MP: 5/8
  1427 | D:2      | Learned a level 3 spell: Confusing Touch
  1883 | D:2      | Found an iron altar of Okawaru.
  1895 | D:2      | Became a worshipper of Warmaster Okawaru
  1954 | D:2      | Reached skill level 6 in Stealth
  2191 | D:2      | Found a faded altar of an unknown god.
  2604 | D:3      | Reached XP level 4. HP: 21/21 MP: 4/9
  2950 | D:2      | Killed from afar by an orc wizard

Illustrated notes

Levels and vault maps discovered:
D:1:      scummos_arrival_star, layout_basic
D:2:      layout_basic, basic_altar, ebering_ecumenical_altar_sacrificial
D:3:      layout_rooms, okawaru_metal_pillars_3, mainiacjoe_overflow_brackets,
          uniq_sigmund

Skill      XL: |  1  2  3  4 |
---------------+-------------+-----
Stealth        | 5 6 |  6.2
Hexes          | 4 |  4.1
Spellcasting   | 3 |  3.3
Dodging        | 3 |  3.0
Fighting       | |  0.2
Short Blades   | |  1.6
Armour         | |  0.1
Ice Magic      | |  0.8

Action                   |  1- 3 |  4- 6 || total
-------------------------+-------+-------++-------
Melee: Dagger            |    82 |     9 ||    91
 Cast: Ensorcelled Hiber |    41 |     7 ||    48
 Stab: Sleeping          |    38 |     1 ||    39
Armor: Robe              |    11 |     4 ||    15
Dodge: Dodged            |    65 |    17 ||    82

Table legend: (Time is in decaauts)
 A = Elapsed time spent in this place.
 B = Non-inter-level travel time spent in this place.
 C = Inter-level travel time spent in this place.
 D = Time resting spent in this place.
 E = Time spent auto-exploring this place.
 F = Levels seen in this place.
 G = Mean time per level.
                   A        B        C        D        E       F      G
               +--------+--------+--------+--------+--------+-----+--------+
         Total |   2447 |   2396 |     51 |    380 |   1636 |   3 |  815.7 |
       Dungeon |   2447 |   2396 |     51 |    380 |   1636 |   3 |  815.7 |
               +--------+--------+--------+--------+--------+-----+--------+

Top non-repeatable levels by time:
     D:1: 1152 daAuts
     D:2: 1138 daAuts
     D:3: 157 daAuts
